 Dungeon Crawl Stone Soup version 0.20.0-15-g7f486f2 (webtiles) character file.

368 fredomojojo the Chopper (level 6, 0/52 HPs)
             Began as a Hill Orc Gladiator on June 24, 2017.
             Slain by an iguana (8 damage)
             ... on level 4 of the Dungeon on June 26, 2017.
             The game lasted 00:49:00 (2454 turns).

fredomojojo the Chopper (Hill Orc Gladiator)        Turns: 2454, Time: 00:49:01

Health: 0/52       AC:  7    Str: 17    XL:     6   Next: 69%
Magic:  6/6        EV: 11    Int:  8    God:
Gold:   245        SH:  0    Dex: 14    Spells: 5/5 levels left

rFire    . . .     SeeInvis .   t - +0 broad axe
rCold    + . .     Gourm    .   (no shield)
rNeg     . . .     Faith    .   B - +0 scale mail {rC+}
rPois    .         Spirit   .   c - +0 helmet
rElec    .         Reflect  .   (no cloak)
rCorr    .         Harm     .   (no gloves)
MR       .....                  (no boots)
Stlth    ..........             (no amulet)
Regen    0.2/turn               (no ring)
MPRegen  0.1/turn               (no ring)

@: lethally poisoned (0 -> -6)
A: no striking features
a: no special abilities


You were on level 4 of the Dungeon.
You were hungry.

You visited 1 branch of the dungeon, and saw 4 of its levels.

You collected 245 gold pieces.

Inventory:

Hand Weapons
 a - a +0 war axe
 t - a +0 broad axe (weapon)
 v - a +0 hand axe
 x - a +0 war axe
 C - a +0 hunting sling
Missiles
 d - 3 throwing nets (quivered)
 y - 15 poisoned needles
 z - 10 sling bullets
Armour
 b - a +0 leather armour
 c - a +0 helmet (worn)
 w - a +2 scale mail of fire resistance
 B - a +0 scale mail of cold resistance (worn)
Scrolls
 e - a scroll of noise
 g - 3 scrolls of teleportation {unknown}
 k - a scroll of recharging {unknown}
 l - 3 scrolls of identify
 n - a scroll of remove curse {unknown}
 p - a scroll of blinking {unknown}
 r - a scroll of enchant weapon {unknown}
 u - a scroll of fog {unknown}
 E - a scroll of enchant armour {unknown}
Potions
 i - a potion of lignification {unknown}
 m - a potion of flight
 o - 3 potions of curing
 q - a potion of brilliance {unknown}
 s - a potion of resistance {unknown}
 A - a potion of agility {unknown}
 D - a potion of heal wounds {unknown}
Comestibles
 f - 4 bread rations
 h - 3 fruits
 j - 5 meat rations


   Skills:
 + Level 4.0 Fighting
 + Level 7.1 Axes
 + Level 2.1 Throwing
 + Level 2.5 Armour
 + Level 3.2 Dodging


You had 5 spell levels left.
You didn't know any spells.

Dungeon Overview and Level Annotations

Branches:
Dungeon (4/15)
 Temple: D:4-7

Altars:
Cheibriados


Message History

Your Fighting skill increases to level 4!
Your Axes skill increases to level 7!
You slash the iguana!
The iguana is heavily wounded.
You hit the orc. The orc hits you but does no damage.
You are poisoned.
The iguana hisses menacingly.
The iguana completely misses you. The orc hits you but does no damage.
You are more poisoned.
Unknown command.
You slash the iguana!
The iguana is almost dead.
You slash the orc!
You kill the orc!
* * * LOW HITPOINT WARNING * * *
You feel sick. The iguana closely misses you.
You hit the iguana but do no damage.
The iguana is almost dead.
You feel sick. The iguana bites you!
You die...

#.#.##.# .#
##.###.## #.#.##.#
.# #... #.#.##.#
##.## ####
#.#.##.####...#####
#.#.......<......>.
####.####.#.#..#
#.....W.....#
######.)...##
#@###.# #l# #r# #.#
#.# #.# #.# ... .


You could see a phantom, an iguana and a quokka.

Vanquished Creatures
  An ogre (D:4)
  A bullfrog (D:3)
  An orc wizard (D:3)
  Terence (D:2)
  A worker ant (D:4)
  4 adders
  2 oozes
  An adder skeleton (D:3)
  2 worms
  2 dart slugs (D:3)
  2 leopard geckos
  7 orcs
  6 giant cockroaches
  6 goblins
  5 hobgoblins
  8 jackals
  9 kobolds
  2 quokkas
  7 bats
  7 frilled lizards
  12 rats
  15 fungi (D:3)
102 creatures vanquished.

Vanquished Creatures (others)
  A fungus (D:3)
1 creature vanquished.

Grand Total: 103 creatures vanquished

Notes
Turn   | Place    | Note
-------+----------+-------------------------------------------
     0 | D:1      | fredomojojo the Hill Orc Gladiator began the quest for the Orb.
     0 | D:1      | Reached XP level 1. HP: 18/18 MP: 1/1
   148 | D:1      | Reached XP level 2. HP: 22/25 MP: 2/2
   510 | D:1      | Reached XP level 3. HP: 30/30 MP: 3/3
   648 | D:2      | Noticed Terence
   833 | D:2      | Reached skill level 5 in Axes
   833 | D:2      | Reached XP level 4. HP: 17/38 MP: 4/4
  1146 | D:2      | Killed Terence
  1293 | D:3      | Reached skill level 1 in Armour
  1475 | D:3      | Noticed a bullfrog
  1476 | D:3      | Reached XP level 5. HP: 45/45 MP: 5/5
  1489 | D:3      | Reached skill level 6 in Axes
  1494 | D:3      | Paralysed by fainting for 9 turns
  1526 | D:3      | Paralysed by fainting for 9 turns
  1535 | D:3      | Paralysed by fainting for 8 turns
  1551 | D:3      | Paralysed by fainting for 11 turns
  1852 | D:3      | Found a snail-covered altar of Cheibriados.
  1899 | D:3      | Reached XP level 6. HP: 46/52 MP: 6/6
  2415 | D:4      | Noticed a phantom
  2451 | D:4      | Reached skill level 7 in Axes
  2454 | D:4      | Slain by an iguana

Skill      XL: |  1  2  3  4  5  6 |
---------------+-------------------+-----
Throwing       | 2 |  2.1
Fighting       | 3 4 |  4.0
Axes           | 5 6 7 |  7.1
Armour         | 1 2 |  2.5
Dodging        | 3 |  3.2

Action                   |  1- 3 |  4- 6 || total
-------------------------+-------+-------++-------
Melee: War axe           |   109 |   204 ||   313
       Broad axe         |       |    53 ||    53
  Use: Scroll            |       |     2 ||     2
       Potion            |       |     1 ||     1
 Stab: Sleeping          |     2 |       ||     2
  Eat: Bread ration      |       |     1 ||     1
       Fruit             |       |     1 ||     1
Armor: Leather armour    |    24 |    21 ||    45
       Scale mail        |       |   114 ||   114
Dodge: Dodged            |    80 |   145 ||   225
